 Dungeon Crawl Stone Soup version 0.28-a0-1234-g826d19b2e0 (webtiles) character file.

Game seed: 17907270809836801497

4318 Zdeegee the Cleaver (level 10, -6/82 HPs)
             Began as a Palentonga Fighter on Dec 12, 2021.
             Was an Elder of Okawaru.
             Mangled by a death yak (22 damage)
             ... on level 7 of the Dungeon on Dec 24, 2021.
             The game lasted 00:17:59 (8575 turns).

Zdeegee the Cleaver (Palentonga Fighter)            Turns: 8575, Time: 00:18:00

Health: -6/82      AC: 17    Str: 23    XL:     10   Next: 11%
Magic:  10/10      EV: 14    Int: 10    God:    Okawaru [****..]
Gold:   451        SH:  4    Dex:  9    Spells: 7/9 levels left

rFire   . . .      SeeInvis +   a - +1 war axe
rCold   . . .      Faith    .   c - +0 buckler
rNeg    . . .      Spirit   .   j - +1 leather armour {rPois}
rPois   +          Reflect  .   (no helmet)
rElec   .          Harm     .   (no cloak)
rCorr   .          Rampage  .   (no gloves)
Will    .....                   (no barding)
Stlth   +.........              (no amulet)
HPRegen 0.23/turn               i - +4 ring of evasion
MPRegen 0.12/turn               x - +4 ring of protection

@: curled up
A: large, rugged brown scales 3, see invisible, deformed body, roll 1, armoured
tail, reflexive curl
a: Rolling Charge, Renounce Religion, Heroism, Finesse


You were on level 7 of the Dungeon.
You worshipped Okawaru.
Okawaru was greatly pleased with you.
You visited 1 branch of the dungeon, and saw 8 of its levels.

You collected 451 gold pieces.

Inventory:

Hand Weapons
 a - a +1 war axe (weapon)
Armour
 b - a +0 scale mail
 c - a +0 buckler (worn)
 j - a +1 leather armour of poison resistance (worn)
 o - a +2 ring mail of fire resistance
 s - a +0 tower shield
Jewellery
 i - a +4 ring of evasion (left hand)
 w - a ring of poison resistance
 x - a +4 ring of protection (right hand)
 E - an amulet of guardian spirit
Wands
 m - a wand of polymorph (8)
 C - a wand of digging (7)
Scrolls
 e - a scroll of fog
 h - a scroll of torment
 k - a scroll of vulnerability
 p - 2 scrolls of teleportation
 q - a scroll of magic mapping {unknown}
 r - 2 scrolls of enchant weapon
 y - a scroll of silence
 z - a scroll of identify
 B - a scroll of blinking {unknown}
 D - a scroll of holy word {unknown}
Potions
 d - 3 potions of might
 f - a potion of cancellation
 g - a potion of berserk rage
 l - 5 potions of brilliance
 n - 2 potions of mutation
 t - a potion of curing
 u - a potion of heal wounds
 v - a potion of invisibility
 A - a potion of flight


   Skills:
 * Level 6.5 Fighting
 + Level 8.2 Axes
 * Level 5.5 Armour
 + Level 3.6 Dodging
 + Level 1.2 Stealth
 * Level 5.3 Shields
 + Level 0.1 Unarmed Combat
 * Level 4.8 Translocations
 * Level 0.4 Invocations


You had 7 spell levels left.
You knew the following spells:

 Your Spells              Type           Power      Damage    Failure   Level
a - Blink                 Tloc           18%        N/A       9%          2

Your spell library contained the following spells:

 Spells                   Type           Power      Damage    Failure   Level
 Lesser Beckoning         Tloc           9%         N/A       17%         3
 Magic Dart               Conj           0%         1d3       38%         1
 Passwall                 Tmut/Erth      0%         N/A       54%         2
 Scorch                   Fire           0%         2d5       54%         2
 Searing Ray              Conj           0%         2d4       54%         2
 Swiftness                Air            0%         N/A       77%         3
 Manifold Assault         Tloc           9%         N/A       85%         5
 Flame Wave               Conj/Fire      0%         2d4       99%         4
 Fulminant Prism          Conj/Hex       0%         3d6       99%         4
 Summon Cactus Giant      Summ           Unusable   N/A       N/A         6

Dungeon Overview and Level Annotations

Branches:
Dungeon (8/15)             Temple (0/1) D:7            Lair (0/6) D:8

Altars:
Gozag
Hepliaklqana
Makhleb
Okawaru
Qazlal
Vehumet
Zin

Shops:
D:3 (

Annotations:
D:7 exclusion: statue


Innate Abilities, Weirdness & Mutations

You are completely covered in rugged brown scales. (AC +3, +7% HP)
You have supernaturally acute eyesight. (SInv)
Armour fits poorly on your strangely shaped body.
You can roll at nearby foes to attack.
You have a long armoured tail.
You curl defensively after being hit. (AC +7*)


Message History

There is a stone staircase leading down here.
Partly explored, can't reach some places.
Partly explored, can't reach some places.
You climb downwards.
The death yak closely misses you.
A death yak comes into view.
The death yak gores you! The death yak completely misses you.
There is a stone staircase leading up here.
The death yak bellows!
The death yak barely misses you. The death yak completely misses you.
You climb upwards.
Level annotation: exclusion: statue
There is a stone staircase leading down here.
The death yak gores you.
The death yak gores you but does no damage.
The death yak closely misses you.
You fail to use your ability.
The death yak gores you.
You hit the death yak.
The death yak is lightly wounded.
The death yak gores you!
You hit the death yak but do no damage.
The death yak is lightly wounded.
The death yak gores you but does no damage.
You barely miss the death yak.
Your tail-slap misses the death yak.
The death yak is lightly wounded.
The death yak misses you.
You slash the death yak!
The death yak is lightly wounded.
The death yak gores you!
You slash the death yak!
The death yak is moderately wounded.
The death yak gores you!
You slash the death yak!
The death yak is heavily wounded.
The death yak gores you!
You hit the death yak but do no damage.
The death yak is heavily wounded.
The death yak gores you!
* * * LOW HITPOINT WARNING * * *
The death yak gores you!!
You die...

###...#### #.#
#####........# #.#####
#............# #.....#
#.###........# #####.#
#.# ########.# #.# #.#
♣♣♣♣ ### ######.# #.#
♣..♣ #......#
#.#♣♣##.#♣♣########
#.######
#.'..#.#...'..YY@.# #.#
#.'...#.#..'..###.# #.#
###♣♣#.##♣♣##.###.###.#
♣..♣ #..#.......# ♣♣♣♣
#..#.#(....#
#..#.#####.#
#..#=...##.#
##>........# ###
######....# #.#


You could see 2 death yaks.

Vanquished Creatures
  Pikel (D:7)
  A kobold demonologist (D:5)
  Sigmund (D:2)
  10 yaks
  A water moccasin (D:7)
  A necrophage (D:7)
  4 ogres
  A centaur (D:6)
  2 phantoms
  4 lemures (D:7)
  4 bullfrogs
  A scorpion (D:6)
  A water moccasin skeleton (D:7)
  5 wights
  2 howler monkeys (D:7)
  A centaur zombie (D:5)
  5 hounds
  2 orc priests
  4 iguanas
  2 orc wizards
  A howler monkey zombie (D:5)
  4 gnolls (D:4)
  2 howler monkey skeletons (D:7)
  7 adders
  An ufetubus (D:5)
  3 worms (D:3)
  2 dart slugs
  6 orcs
  8 ball pythons
  4 endoplasms
  5 giant cockroaches
  7 goblins
  3 hobgoblins
  7 jackals
  2 quokkas (D:2)
  2 bats
  A frilled lizard (D:2)
  4 kobolds
  4 rats
126 creatures vanquished.

Notes
Turn   | Place    | Note
-------+----------+-------------------------------------------
     0 | D:1      | Zdeegee the Palentonga Fighter began the quest for the Orb.
     0 | D:1      | Reached XP level 1. HP: 19/19 MP: 1/1
    51 | D:1      | Reached XP level 2. HP: 5/25 MP: 2/2
   294 | D:1      | Found a faded altar of an unknown god.
  1007 | D:2      | Reached XP level 3. HP: 31/31 MP: 3/3
  1166 | D:2      | Noticed Sigmund
  1228 | D:2      | Killed Sigmund
  1229 | D:2      | Reached skill level 3 in Axes
  1229 | D:2      | Reached XP level 4. HP: 14/38 MP: 4/4
  1229 | D:2      | Reached XP level 5. HP: 16/43 MP: 5/5
  1698 | D:2      | Reached skill level 1 in Dodging
  1798 | D:3      | Found Didwat's Weapon Boutique.
  2211 | D:3      | Noticed a phantom
  2222 | D:3      | Killed a phantom
  2223 | D:3      | Reached XP level 6. HP: 31/51 MP: 6/6
  2966 | D:4      | Found a stormy altar of Qazlal.
  2995 | D:4      | Reached skill level 1 in Translocations
  3442 | D:4      | Found an iron altar of Okawaru.
  3498 | D:4      | Became a worshipper of Warmaster Okawaru
  3563 | D:4      | Reached skill level 4 in Axes
  3563 | D:4      | Gained mutation: You curl defensively after being hit. (AC
                  | +7*) [Palentonga growth]
  3563 | D:4      | Reached XP level 7. HP: 45/57 MP: 7/7
  3629 | D:4      | Found a hazy altar of Hepliaklqana.
  3741 | D:5      | Entered Level 5 of the Dungeon
  4095 | D:5      | Reached * piety under Okawaru
  4179 | D:5      | Noticed a yak
  4179 | D:5      | Noticed a yak
  4179 | D:5      | Noticed a yak
  4498 | D:4      | Killed a yak
  4499 | D:4      | Reached skill level 5 in Axes
  4596 | D:4      | Killed a yak
  4597 | D:4      | Reached XP level 8. HP: 48/65 MP: 8/8
  4906 | D:5      | Upgraded the game from 0.28-a0-1130-gc51a68064b to
                  | 0.28-a0-1199-gef9e1dbd39
  4972 | D:5      | Reached skill level 5 in Fighting
  4973 | D:5      | Reached ** piety under Okawaru
  5114 | D:6      | Noticed a kobold demonologist
  5124 | D:5      | Reached skill level 6 in Axes
  5230 | D:5      | Noticed a rust devil
  5234 | D:5      | Killed a kobold demonologist
  5669 | D:4      | Reached XP level 9. HP: 11/59 MP: 9/9
  6123 | D:6      | Learned a level 2 spell: Blink
  6250 | D:6      | Found a burning altar of Makhleb.
  6284 | D:6      | Noticed a blizzard demon
  6286 | D:6      | Found a glowing silver altar of Zin.
  6290 | D:6      | Noticed an angel
  6333 | D:6      | Found an opulent altar of Gozag.
  6665 | D:7      | Reached *** piety under Okawaru
  6678 | D:7      | Reached skill level 5 in Armour
  6685 | D:7      | Reached skill level 1 in Stealth
  7060 | D:7      | Noticed Pikel
  7072 | D:7      | Killed Pikel
  7073 | D:7      | Reached skill level 7 in Axes
  7101 | D:7      | Reached skill level 5 in Shields
  7290 | D:6      | Reached **** piety under Okawaru
  7544 | D:6      | Reached skill level 8 in Axes
  7550 | D:6      | Reached XP level 10. HP: 41/82 MP: 10/10
  7730 | D:7      | Upgraded the game from 0.28-a0-1199-gef9e1dbd39 to
                  | 0.28-a0-1234-g826d19b2e0
  7957 | D:7      | Found a staircase to the Ecumenical Temple.
  8105 | D:7      | Found a radiant altar of Vehumet.
  8173 | D:8      | Noticed a death yak
  8174 | D:8      | Found a staircase to the Lair.
  8192 | D:8      | Noticed a death yak
  8556 | D:8      | Noticed a death yak
  8575 | D:7      | Mangled by a death yak

Illustrated notes

Levels and vault maps discovered:
D:1:      amcnicky_arrival_gap_in_the_tavern_cellar, layout_basic,
          hellmonk_ecumenical_altar_lost_god, st_stairs_14
D:2:      layout_rooms, nicolae_figureground_pulse, uniq_sigmund
D:3:      layout_rooms, serial_shops, nicolae_shop_bloodbath_and_beyond
D:4:      layout_rooms, nicolae_overflow_crystal_walls,
          mainiacjoe_overflow_concentric_impassable,
          nicolae_qazlal_scattered_showers, supply_closet_lemuel
D:5:      layout_basic
D:6:      layout_loops_ring, grunt_temple_overflow_order_and_chaos_2,
          amcnicky_altar_gilded
D:7:      layout_basic, vehumet_statue, minmay_temple_entry_nine_rooms,
          kennysheep_generic_room_4, uniq_pikel
D:8:      layout_loops_ring, kennysheep_slug_shrine, trog_hazing_becter,
          dpeg_lair_monsters

Skill      XL: |  1  2  3  4  5  6  7  8  9 |
---------------+----------------------------+-----
Armour         | 3 4 5 |  5.5
Axes           | 3 4 5 6 8 |  8.2
Shields        | 3 4 5 |  5.3
Dodging        | 1 2 3 |  3.6
Translocations | 1 2 3 4 |  4.8
Fighting       | 4 5 6 |  6.5
Stealth        | 1 |  1.2
Unarmed Combat | |  0.1
Invocations    | |  0.4

Action                   |  1- 3 |  4- 6 |  7- 9 | 10-12 || total
-------------------------+-------+-------+-------+-------++-------
Melee: War axe           |    70 |   117 |   278 |    37 ||   502
       Tailslap          |     8 |     7 |    39 |     6 ||    60
       Unarmed           |     2 |       |       |       ||     2
Invok: Heroism           |       |       |     2 |     1 ||     3
 Abil: Rolling Charge    |       |     5 |     4 |       ||     9
Evoke: Wand              |       |       |     1 |       ||     1
  Use: Potion            |     1 |       |       |       ||     1
       Scroll            |       |     3 |    11 |       ||    14
Armor: Scale mail        |    25 |       |       |       ||    25
       Leather armour    |    13 |    33 |    96 |     9 ||   151
       Skin              |     3 |       |       |       ||     3
Dodge: Dodged            |    53 |    66 |   206 |    25 ||   350
Block: Buckler           |    26 |    16 |    69 |     3 ||   114

Table legend: (Time is in decaauts)
 A = Elapsed time spent in this place.
 B = Non-inter-level travel time spent in this place.
 C = Inter-level travel time spent in this place.
 D = Time resting spent in this place.
 E = Time spent auto-exploring this place.
 F = Levels seen in this place.
 G = Mean time per level.
                   A        B        C        D        E       F      G
               +--------+--------+--------+--------+--------+-----+--------+
         Total |   8716 |   8507 |    209 |   2917 |   4122 |   8 | 1089.5 |
       Dungeon |   8716 |   8507 |    209 |   2917 |   4122 |   8 | 1089.5 |
               +--------+--------+--------+--------+--------+-----+--------+

Top non-repeatable levels by time:
     D:4: 1652 daAuts
     D:7: 1408 daAuts
     D:5: 1302 daAuts
     D:6: 1242 daAuts
     D:3: 1167 daAuts
     D:2: 949 daAuts
     D:1: 882 daAuts
     D:8: 109 daAuts
